Map: Cactus Valley LE

Players

Miszu - Winner!

  • Race: Terran Terran
  • League: Grandmaster

Rodzyn

  • Race: Protoss Protoss
  • League: Grandmaster

VOD

Have the link to the VOD?

Description

Time

  • Played on: Feb. 22, 2016, 1:44 p.m.
  • Length: 9:47
Show
View Real Time Build Order
Export as new Build Order

Miszu Terran - Winner!

Build Orders: Command Center First (CC), MMM Bio 

Get SALT Encoding   

  12  0:00  SCV  
  13  0:12  SCV  
  14  0:17  Supply Depot  
  14  0:25  SCV  
  15  0:39  SCV  
  16  0:51  SCV  
  17  1:00  Command Center  
  17  1:03  SCV  
  18  1:15  SCV  
  19  1:22  Barracks  
  19  1:27  SCV  
  20  1:34  Barracks  
  20  1:39  SCV  
  21  1:52  SCV  
  22  1:55  Barracks  
  22  2:09  Marine, Orbital Command  
  23  2:17  Orbital Command  
  23  2:21  Marine  
  24  2:27  Marine  
  25  2:37  SCV  
  26  2:39  Refinery  
  26  2:40  Marine, Refinery  
  26  2:43  Marine, SCV  
  29  2:47  Marine  
  29  2:49  SCV  
  31  2:55  SCV  
  31  2:57  Marine  
  33  3:01  Marine, SCV  
  35  3:07  SCV  
  35  3:09  Supply Depot  
  35  3:11  Barracks Tech Lab  
  36  3:13  SCV  
  36  3:15  Supply Depot  
  36  3:19  Bunker, SCV  
  38  3:30  Stimpack  
  38  3:31  Marine x3, SCV x2  
  38  3:33  Engineering Bay  
  43  3:43  SCV x2  
  45  3:48  Marine x2  
  48  3:55  SCV x2  
  48  3:57  Marauder  
  48  3:58  Factory  
  48  4:01  Refinery  
  51  4:06  Supply Depot  
  51  4:07  SCV  
  51  4:08  SCV  
  51  4:09  Barracks Reactor, Barracks Tech Lab  
  53  4:19  SCV  
  53  4:21  Missile Turret  
  54  4:25  Supply Depot  
  54  4:27  Marauder, SCV  
  54  4:31  Supply Depot  
  57  4:32  Marauder, SCV  
  57  4:37  Combat Shields  
  60  4:39  SCV  
  60  4:44  SCV  
  62  4:46  Widow Mine  
  62  4:48  Marine x3  
  62  4:51  SCV  
  68  4:55  Starport  
  67  5:02  SCV  
  67  5:05  Marauder  
  67  5:06  Marine x2  
  71  5:09  Marauder  
  71  5:11  SCV  
  74  5:17  Supply Depot  
  74  5:20  Supply Depot  
  74  5:23  Factory Tech Lab  
  74  5:28  Marauder, Factory Reactor  
  76  5:30  SCV  
  76  5:32  SCV  
  78  5:39  Medivac  
  78  5:42  Missile Turret  
  80  5:44  SCV x2  
  80  5:47  Marauder  
  83  6:01  Marine x2, Marauder  
  83  6:02  Concussive Shells  
  83  6:03  SCV  
  88  6:08  Marine  
  85  6:23  Marauder  
  86  6:31  Marine, Marauder  
  86  6:33  Marine  
  86  6:34  Medivac x2  
  91  6:41  SCV x2  
  93  6:47  Supply Depot  
  93  6:48  Supply Depot, Marauder  
  93  6:49  Marine  
  93  6:53  Marauder, SCV  
  97  6:57  Bunker  
  97  6:59  Marine  
  98  7:04  Medivac x2  
  98  7:06  Marine  
  97  7:09  Marauder  
  97  7:14  Marauder  
  99  7:17  Marine  
  99  7:21  Barracks  
  98  7:23  Barracks  
  98  7:24  Marine  
  88  7:31  Marauder  
  88  7:34  Marine, Medivac  
  88  7:35  Marauder  
  94  7:42  Marine  
  88  7:52  Marine, Marauder  
  88  7:57  Marauder  
  93  8:00  Marine  
  93  8:04  Supply Depot, Refinery  
  94  8:08  Medivac  
  94  8:09  Marine  
  94  8:10  Marine  
  94  8:11  Marine, Widow Mine  
  101  8:14  Marauder  
  101  8:18  Marine, Marauder  
  103  8:23  Viking  
  105  8:27  Marine  
  105  8:28  Marine  
  105  8:29  Marine  
  105  8:32  Supply Depot  
  106  8:35  Marauder  
  106  8:36  Marine  
  106  8:40  Marauder  
  110  8:44  Marine  
  110  8:46  Marine  
  109  8:50  Marine  
  109  8:52  Medivac  
  109  8:53  Marine  
  113  8:56  Marauder  
  113  8:59  Medivac  
  113  9:01  Marauder  
  113  9:02  Marine  
  119  9:04  Marine  
  119  9:08  Marine  
  112  9:11  Marine  
  107  9:18  Marauder  
  107  9:20  Marine  
  107  9:21  Marine  
  107  9:22  Marauder  
  112  9:25  Marine  
  112  9:29  Marine  
  110  9:40  Command Center  
Show
View Real Time Build Order
Export as new Build Order

Rodzyn Protoss 

Build Orders: 1 Gate Expand, Blink Stalkers 

Get SALT Encoding   

  12  0:01  Probe (Chrono Boost)  
  13  0:12  Probe (Chrono Boost)  
  14  0:18  Pylon  
  14  0:22  Probe (Chrono Boost)  
  15  0:36  Probe (Chrono Boost)  
  15  0:37  Gateway  
  16  0:47  Probe (Chrono Boost)  
  16  0:48  Assimilator  
  17  0:57  Probe (Chrono Boost)  
  18  1:08  Probe (Chrono Boost)  
  19  1:22  Nexus  
  19  1:33  Cybernetics Core  
  19  1:34  Probe (Chrono Boost)  
  20  1:43  Assimilator  
  20  1:45  Probe (Chrono Boost)  
  21  1:50  Pylon  
  21  1:58  Probe (Chrono Boost)  
  23  2:08  Probe (Chrono Boost)  
  23  2:10  Twilight Council  
  23  2:16  Stalker (Chrono Boost)  
  23  2:19  Probe  
  26  2:27  Warp Gate  
  26  2:32  Probe  
  26  2:33  Probe  
  30  2:50  Probe  
  28  2:51  Probe  
  28  2:54  Blink (Chrono Boost)  
  30  3:01  Probe  
  30  3:02  Stalker  
  34  3:05  Probe  
  34  3:11  Probe  
  34  3:17  Probe  
  36  3:21  Pylon  
  36  3:26  Gateway  
  36  3:27  Gateway, Probe  
  37  3:34  Stalker  
  37  3:40  Probe  
  37  3:41  Probe  
  40  3:44  Pylon  
  41  3:49  Gateway  
  41  3:52  Probe  
  41  3:54  Probe  
  43  4:04  Probe  
  43  4:06  Probe  
  45  4:13  Gateway x2  
  45  4:15  Mothership Core  
  45  4:16  Assimilator  
  45  4:19  Pylon  
  45  4:23  Probe  
  48  4:34  Stalker x2  
  48  4:35  Stalker, Probe  
  55  4:40  Probe  
  56  4:46  Stalker  
  56  4:47  Probe  
  56  4:50  Probe  
  60  5:02  Probe  
  60  5:04  Stalker x3, Probe  
  66  5:07  Assimilator  
  66  5:10  Stalker  
  66  5:13  Stalker  
  70  5:20  Pylon  
  70  5:22  Pylon  
  70  5:37  Pylon  
  70  5:38  Probe  
  70  5:39  Stalker x2  
  70  5:40  Robotics Facility  
  71  6:02  Stalker x3  
  71  6:03  Stalker x2  
  81  6:04  Stalker  
  81  6:08  Probe  
  81  6:10  Pylon  
  76  6:33  Stalker x4  
  76  6:34  Stalker x2  
  76  6:36  Probe  
  85  6:57  Stalker x5  
  85  6:58  Stalker  
  95  7:16  Probe  
  95  7:17  Observer  
  85  7:32  Stalker x2  
  85  7:33  Stalker x4  
  85  7:40  Mothership Core, Probe  
  74  7:53  Probe  
  74  7:56  Stalker x5  
  74  7:58  Stalker  
  81  8:05  Probe  
  81  8:19  Probe  
  80  8:22  Resonating Glaives (Chrono Boost)  
  78  8:27  Nexus  
  78  8:30  Adept  
  78  8:31  Adept  
  82  8:39  Adept x3  
  86  8:51  Adept x3  
  90  8:59  Stalker  
  90  9:00  Stalker  
  81  9:15  Adept x4  
  71  9:26  Adept x2  
  53  9:40  Adept x4  
Tags
 
Add a new tag
Caveats
  • Supply blocks, unpowered buildings, or Contaminate may cause inaccurate times.
  • Supply counts are checked every 10 seconds.